Map: Magannatha LE

Players

Pudge - Winner!

  • Race: Protoss Protoss
  • League: Platinum
  • Spawn Location: 11:00

Etherodox

  • Race: Zerg Zerg
  • League: Master
  • Spawn Location: 5:00

VOD

Have the link to the VOD?

Description

Time

  • Played on: Oct. 18, 2025, 4:19 p.m.
  • Length: 14:19
Show
View Real Time Build Order
Export as new Build Order

Pudge Protoss - Winner!

Build Orders:  

Get SALT Encoding   

  12  0:02  Probe  
  13  0:14  Probe  
  14  0:25  Pylon  
  14  0:27  Probe  
  15  0:35  Assimilator  
  15  0:42  Probe  
  15  0:47  Gateway  
  16  0:50  Probe  
  17  0:58  Probe  
  18  1:09  Probe  
  19  1:21  Probe  
  20  1:33  Zealot  
  20  1:42  Cybernetics Core  
  20  1:44  Gateway  
  22  1:47  Pylon  
  22  1:58  Nexus  
  22  2:08  Warp Gate  
  22  2:10  Pylon  
  22  2:13  Probe  
  22  2:14  Assimilator  
  23  2:20  Sentry  
  25  2:25  Probe  
  25  2:29  Stalker  
  29  2:37  Probe  
  29  2:50  Probe  
  30  3:05  Shield Battery  
  30  3:10  Shield Battery, Probe x2  
  30  3:18  Probe x2  
  32  3:24  Robotics Facility  
  34  3:27  Probe x2  
  34  3:29  Twilight Council  
  36  3:39  Probe x2  
  38  3:51  Probe x2  
  38  3:55  Gateway x2  
  40  4:00  Pylon  
  40  4:03  Assimilator, Blink  
  40  4:05  Assimilator  
  40  4:16  Probe x2  
  42  4:23  Robotics Bay  
  42  4:27  Pylon  
  42  4:32  Probe x2  
  44  4:44  Probe x2  
  46  4:47  Stalker x2  
  46  4:49  Stalker  
  46  4:51  Stalker  
  54  5:03  Probe x2  
  54  5:05  Immortal  
  60  5:14  Extended Thermal Lance  
  60  5:17  Probe x2  
  62  5:32  Nexus  
  62  5:34  Pylon  
  62  5:35  Immortal  
  66  5:59  Charge, Probe x2  
  68  6:07  Dark Shrine  
  68  6:14  Immortal  
  68  6:16  Probe x2  
  74  6:20  Sentry  
  74  6:21  Zealot  
  74  6:25  Pylon  
  78  6:29  Pylon  
  78  6:39  Pylon  
  78  6:40  Pylon  
  78  6:43  Probe x2  
  78  6:44  Pylon  
  78  6:46  Pylon  
  78  6:47  Probe  
  81  6:49  Pylon  
  81  6:51  Shield Battery  
  81  6:53  Shield Battery  
  81  6:55  Shield Battery, Probe  
  81  6:56  Probe  
  81  6:59  Probe  
  84  7:07  Probe  
  86  7:08  Probe  
  86  7:09  Stalker x2  
  86  7:10  Zealot  
  86  7:11  Zealot  
  94  7:16  Probe  
  94  7:19  Probe  
  94  7:22  Probe  
  97  7:28  Forge  
  97  7:29  Forge  
  97  7:31  Forge  
  97  7:38  Gateway  
  97  7:41  Gateway  
  97  7:43  Gateway  
  97  7:44  Gateway  
  97  7:48  Protoss Shields Level 1, Protoss Ground Armor Level 1, Robotics Facility, Protoss Ground Weapons Level 1  
  97  7:54  Assimilator  
  97  7:55  Assimilator, Probe x2  
  97  7:56  Probe  
  100  8:01  Warp Prism  
  102  8:07  Probe x2  
  104  8:49  Dark Templar  
  104  8:50  Dark Templar x7  
  104  8:53  Archon x2  
  104  8:54  Archon x2  
  120  9:02  Nexus  
  120  9:05  Pylon  
  120  9:06  Pylon, Probe x3  
  120  9:09  Pylon  
  123  9:18  Probe x3  
  126  9:30  Probe x3  
  129  9:35  Shield Battery  
  129  9:36  Dark Templar x5  
  129  9:37  Dark Templar x3, Shield Battery  
  129  9:38  Shield Battery  
  145  9:40  Archon x3  
  145  9:41  Protoss Shields Level 2, Protoss Ground Armor Level 2, Archon, Protoss Ground Weapons Level 2  
  145  10:07  Probe  
  145  10:08  Probe x2  
  145  10:10  Assimilator  
  145  10:13  Assimilator  
  148  10:14  Probe  
  148  10:19  Dark Templar  
  148  10:20  Dark Templar, Probe x3  
  156  10:22  Dark Templar  
  156  10:23  Dark Templar  
  156  10:24  Zealot x4  
  168  10:47  Nexus  
  168  10:48  Pylon  
  168  10:51  Pylon, Dark Templar  
  168  10:52  Dark Templar x3  
  168  10:53  Dark Templar  
  168  10:55  Pylon  
  168  10:56  Zealot x2  
  182  11:01  Pylon  
  182  11:02  Dark Templar  
  172  11:19  Zealot x2  
  176  11:26  Gateway  
  176  11:27  Gateway x2  
  176  11:28  Gateway  
  176  11:31  Gateway  
  176  11:33  Gateway  
  176  11:36  Immortal  
  176  11:38  Immortal  
  176  11:39  Gateway  
  176  11:40  Gateway  
  180  11:52  Archon  
  180  11:53  Archon x2  
  184  11:55  Archon, Photon Cannon x2  
  184  11:56  Assimilator x2, Photon Cannon  
  184  11:57  Photon Cannon  
  184  12:15  Observer  
  179  12:16  Observer  
  180  12:25  Immortal  
  180  12:30  Observer  
  185  12:43  Observer  
  157  13:01  Observer  
  157  13:02  Zealot x4  
  157  13:03  Zealot x8, Observer  
  157  13:04  Zealot x4  
  186  13:14  Probe x4  
  190  13:26  Probe x4  
  194  13:38  Probe x2  
  196  13:48  Probe  
  196  13:49  Probe  
  196  13:50  Probe x2  
  192  14:01  Probe x2  
  192  14:02  Probe  
  195  14:03  Probe  
Show
View Real Time Build Order
Export as new Build Order

Etherodox Zerg 

Build Orders: Hatch First, Lurkers, Roach Hydra 

Get SALT Encoding   

  12  0:09  Overlord  
  13  0:14  Drone  
  13  0:18  Drone  
  14  0:32  Drone x2  
  16  0:49  Hatchery  
  15  0:53  Drone  
  16  1:03  Drone  
  17  1:11  Spawning Pool  
  16  1:19  Extractor, Drone x2  
  17  1:33  Drone  
  18  2:01  Zergling x6  
  18  2:02  Queen x2  
  25  2:18  Metabolic Boost  
  25  2:24  Drone, Overlord  
  26  2:32  Drone x2  
  28  2:45  Hatchery  
  27  2:52  Overlord  
  27  2:55  Drone  
  28  3:12  Queen  
  30  3:13  Drone x3  
  30  3:14  Drone  
  34  3:38  Drone x6  
  40  3:44  Lair  
  40  3:56  Roach Warren  
  40  3:59  Evolution Chamber  
  40  4:01  Evolution Chamber  
  39  4:03  Drone  
  39  4:06  Drone x4  
  42  4:16  Queen  
  44  4:19  Overlord  
  44  4:23  Overlord  
  44  4:27  Zerg Missile Weapons Level 1  
  44  4:32  Drone x4  
  44  4:37  Extractor  
  44  4:38  Extractor  
  46  4:39  Overlord  
  46  4:41  Extractor, Overlord  
  46  4:44  Drone  
  46  4:55  Overseer  
  46  5:11  Roach  
  46  5:12  Roach x2  
  52  5:17  Drone x7  
  59  5:36  Roach x5  
  69  5:43  Drone x5  
  69  5:44  Overlord  
  69  5:45  Overlord  
  73  6:02  Glial Reconstitution  
  73  6:07  Hatchery  
  73  6:08  Zerg Ground Armor Level 1  
  73  6:09  Roach x3  
  78  6:12  Overlord  
  78  6:13  Overlord  
  78  6:21  Extractor  
  77  6:25  Extractor  
  84  6:32  Drone x8  
  84  6:33  Drone x3  
  87  6:43  Ravager x4  
  91  6:51  Zerg Melee Weapons Level 1  
  91  6:53  Drone x2  
  91  6:54  Drone x4  
  97  6:56  Overlord  
  97  7:08  Overlord x2  
  91  7:10  Zergling x8  
  95  7:23  Ravager x2, Overlord x3  
  95  7:27  Roach  
  95  7:28  Roach x3  
  105  7:31  Hydralisk Den  
  105  7:32  Drone x2  
  105  7:33  Drone  
  107  7:39  Overlord  
  107  7:40  Overlord  
  107  7:43  Queen  
  109  7:45  Drone  
  109  7:46  Drone x2  
  112  7:58  Zergling x20  
  122  8:07  Grooved Spines  
  122  8:09  Zerg Missile Weapons Level 2  
  122  8:23  Lurker Den  
  121  8:27  Overlord x3  
  121  8:29  Overlord  
  121  8:30  Drone x2  
  121  8:31  Drone x10  
  121  8:34  Extractor  
  131  8:37  Roach x3  
  137  8:47  Hatchery  
  136  8:52  Overlord x2  
  136  8:54  Hydralisk x2, Roach x2  
  136  8:55  Roach x2  
  148  8:58  Extractor  
  147  9:05  Muscular Augments  
  147  9:06  Hydralisk x7  
  161  9:10  Drone x2  
  163  9:24  Drone x5  
  163  9:30  Hydralisk x3  
  174  9:31  Infestation Pit  
  174  9:38  Drone x3  
  176  9:39  Hatchery  
  175  9:50  Overlord x3  
  175  9:53  Hydralisk x3  
  175  9:55  Hatchery  
  175  9:56  Zerg Melee Weapons Level 2  
  180  10:03  Lurker x4  
  180  10:05  Lurker x2  
  187  10:19  Hatchery, Hive  
  186  10:28  Extractor  
  185  10:30  Extractor, Drone  
  185  10:31  Drone x4, Overlord  
  189  10:37  Lurker x2  
  189  10:38  Lurker x2  
  193  10:51  Hydralisk  
  193  10:53  Hydralisk  
  193  10:54  Zergling x2  
  191  11:14  Spore Crawler  
  191  11:16  Spine Crawler  
  189  11:20  Drone x5  
  194  11:26  Pneumatized Carapace  
  194  11:33  Hatchery  
  194  11:35  Hydralisk, Roach  
  194  11:36  Roach  
  199  11:55  Seismic Spines  
  199  11:58  Extractor  
  199  12:00  Extractor  
  197  12:02  Hatchery  
  124  12:52  Adaptive Talons  
  124  12:56  Hydralisk x21  
  124  12:57  Hydralisk x11  
  171  13:01  Unknown  
  168  13:06  Zergling x2  
  168  13:09  Hydralisk x18  
  161  13:13  Zergling x2  
  161  13:14  Zergling x18  
  168  13:28  Lurker  
  168  13:29  Lurker x17  
  167  13:37  Lurker  
  167  13:38  Lurker x14  
  182  13:47  Lurker Den  
  181  13:51  Roach Warren  
Tags
 
Add a new tag
Caveats
  • Supply blocks, unpowered buildings, or Contaminate may cause inaccurate times.
  • Supply counts are checked every 10 seconds.